TOP OF THE 1ST |
Royse City Targaryens batting - Pitching for Calgary Lynx : RHP Jorge Rivas
|
Pitching: RHP Jorge Rivas
|
|
Batting: LHB Markus Richardson
|
0-0: Called Strike 0-1: Ball 1-1: Foul Ball, location: 2F 1-2: SINGLE (Line Drive, 9LS)
|
Batting: RHB Johnny Foster
|
0-0: Foul Ball, location: 2F 0-1: Foul Ball, location: 2F 0-2: SINGLE (Line Drive, 89S) Markus Richardson to second Runner from 2nd tries for 3rd, SAFE, no throw or cutoff
|
Batting: RHB Bob Sargent
|
0-0: Called Strike 0-1: Fly out, F6 (Popup, 15)
|
Batting: RHB Jorge Gómez
|
0-0: Called Strike 0-1: Ball 1-1: Fly out, F8 (Flyball, 8LD) Runner from 3rd tags up, SCORES, no throw
|
Batting: RHB Ron Ward
|
0-0: Fly out, F6 (Popup, 6)
|
Top of the 1st over - 1 run(s), 2 hit(s), 0 error(s), 1 left on base; Royse City 1 - Calgary 0 |
BOTTOM OF THE 1ST |
Calgary Lynx batting - Pitching for Royse City Targaryens : RHP Eduardo Díaz
|
Pitching: RHP Eduardo Díaz
|
|
Batting: RHB Edmund Gallagher
|
0-0: Swinging Strike 0-1: Ball 1-1: Swinging Strike 1-2: Ball 2-2: Strikes out looking
|
Batting: SHB Tom Craft
|
0-0: Called Strike 0-1: Foul Ball, location: 2F 0-2: Strikes out swinging
|
Batting: RHB Steve Brewer
|
0-0: Ball 1-0: Swinging Strike 1-1: Ball 2-1: Ball 3-1: Foul Ball, location: 2F 3-2: Base on Balls
|
Batting: SHB Vasco Paradela
|
0-0: Foul Ball, location: 2F 0-1: Foul Ball, location: 2F 0-2: Ball Wild Pitch! Steve Brewer to second 1-2: Ground out 6-3 (Groundball, 6)
|
Bottom of the 1st over - 0 run(s), 0 hit(s), 0 error(s), 1 left on base; Royse City 1 - Calgary 0 |
TOP OF THE 2ND |
Royse City Targaryens batting - Pitching for Calgary Lynx : RHP Jorge Rivas
|
Batting: RHB Spencer Curry
|
0-0: Called Strike 0-1: Foul Ball, location: 2F 0-2: Ball 1-2: SINGLE (Line Drive, 56)
|
Batting: RHB Bartolo Martínez
|
0-0: Ball 1-0: Ball 2-0: Grounds into double play, 5-4-3 (Groundball, 56)
|
Batting: RHB Jorge Féliz
|
0-0: Ball 1-0: Ball 2-0: Ball 3-0: Called Strike 3-1: Fly out, F4 (Popup, 4)
|
Top of the 2nd over - 0 run(s), 1 hit(s), 0 error(s), 0 left on base; Royse City 1 - Calgary 0 |
BOTTOM OF THE 2ND |
Calgary Lynx batting - Pitching for Royse City Targaryens : RHP Eduardo Díaz
|
Batting: RHB Pancho Salaedo
|
0-0: Fly out, F8 (Flyball, 8RXD)
|
Batting: RHB Jim Browning
|
0-0: Ball 1-0: Called Strike 1-1: SINGLE (Groundball, 56D) (infield hit)
|
Batting: LHB Herman Gilliland
|
0-0: Ball 1-0: Called Strike 1-1: Ball 2-1: Ball 3-1: Base on Balls Jim Browning to second
|
Batting: RHB Wilbur James
|
0-0: Ball 1-0: Ball 2-0: Called Strike 2-1: Called Strike 2-2: SINGLE (Groundball, 4M) Jim Browning to third Herman Gilliland to second
|
Batting: LHB Gilbert Davis
|
0-0: Foul Ball, location: 2F 0-1: Called Strike 0-2: Ball 1-2: Ball 2-2: Fly out, F7 (Popup, 7S)
|
Batting: RHB Edmund Gallagher
|
0-0: Ball 1-0: Called Strike 1-1: Foul Ball, location: 2F 1-2: Ball 2-2: SINGLE (Line Drive, 56D) Jim Browning scores Herman Gilliland to third Wilbur James to second Runner from 3rd tries for Home, SAFE, no throw or cutoff
|
Batting: SHB Tom Craft
|
0-0: Ball 1-0: Called Strike 1-1: Ball 2-1: Foul Ball, location: 2F 2-2: Strikes out looking
|
Bottom of the 2nd over - 2 run(s), 3 hit(s), 0 error(s), 2 left on base; Royse City 1 - Calgary 2 |
TOP OF THE 3RD |
Royse City Targaryens batting - Pitching for Calgary Lynx : RHP Jorge Rivas
|
Batting: RHB Jim Unknown
|
0-0: Called Strike 0-1: Foul Ball, location: 2F 0-2: Ball 1-2: DOUBLE (Flyball, 89M)
|
Batting: LHB Markus Richardson
|
0-0: Ball 1-0: Foul Ball, location: 2F 1-1: Called Strike 1-2: Fly out, F5 (Popup, 5F)
|
Batting: RHB Johnny Foster
|
0-0: Ball 1-0: Ball 2-0: Ball 3-0: Called Strike 3-1: Base on Balls
|
Batting: RHB Bob Sargent
|
0-0: Called Strike 0-1: Called Strike 0-2: Strikes out swinging
|
Batting: RHB Jorge Gómez
|
0-0: Called Strike 0-1: Ball 1-1: Fielders Choice at 2nd, 6-4 (Groundball, 6)
|
Top of the 3rd over - 0 run(s), 1 hit(s), 0 error(s), 1 left on base; Royse City 1 - Calgary 2 |
BOTTOM OF THE 3RD |
Calgary Lynx batting - Pitching for Royse City Targaryens : RHP Eduardo Díaz
|
Batting: RHB Steve Brewer
|
0-0: Called Strike 0-1: Ground out 1-3 (Groundball, 15)
|
Batting: SHB Vasco Paradela
|
0-0: Fly out, F8 (Flyball, 8RXD)
|
Batting: RHB Pancho Salaedo
|
0-0: Ball 1-0: Reached on error, E6 (Groundball, 6M)
|
Batting: RHB Jim Browning
|
0-0: Ball 1-0: Foul Ball, location: 2F 1-1: Ground out 5-3 (Groundball, 56)
|
Bottom of the 3rd over - 0 run(s), 0 hit(s), 1 error(s), 1 left on base; Royse City 1 - Calgary 2 |
TOP OF THE 4TH |
Royse City Targaryens batting - Pitching for Calgary Lynx : RHP Jorge Rivas
|
Batting: RHB Ron Ward
|
0-0: Fly out, F6 (Popup, 5L)
|
Batting: RHB Spencer Curry
|
0-0: Ball 1-0: Swinging Strike 1-1: Ball 2-1: Foul Ball, location: 2F 2-2: Ground out 1-3 (Groundball, 15S)
|
Batting: RHB Bartolo Martínez
|
0-0: Ball 1-0: Ball 2-0: Called Strike 2-1: Called Strike 2-2: Ball 3-2: Foul Ball, location: 2F 3-2: Base on Balls
|
Batting: RHB Jorge Féliz
|
0-0: Ball 1-0: Called Strike 1-1: Called Strike 1-2: SINGLE (Line Drive, 3) Bartolo Martínez to second
|
Batting: RHB Jim Unknown
|
0-0: Ball 1-0: Ball 2-0: Swinging Strike 2-1: Called Strike 2-2: Ball 3-2: Foul Ball, location: 2F 3-2: 3-RUN HOME RUN (Flyball, 7D), Distance : 393 ft
|
Batting: LHB Markus Richardson
|
0-0: Called Strike 0-1: Ball 1-1: Ball 2-1: Swinging Strike 2-2: Foul Ball, location: 2F 2-2: SINGLE (Flyball, 8RM)
|
Batting: RHB Johnny Foster
|
0-0: Ball 1-0: Called Strike 1-1: Foul Ball, location: 2F 1-2: Ball 2-2: Ball Markus Richardson is caught stealing 2nd base
|
Top of the 4th over - 3 run(s), 3 hit(s), 0 error(s), 0 left on base; Royse City 4 - Calgary 2 |
BOTTOM OF THE 4TH |
Calgary Lynx batting - Pitching for Royse City Targaryens : RHP Eduardo Díaz
|
Batting: LHB Herman Gilliland
|
0-0: Ball 1-0: Ball 2-0: Foul Ball, location: 2F 2-1: Ground out 4-3 (Groundball, 4)
|
Batting: RHB Wilbur James
|
0-0: Bunt missed! 0-1: Ball 1-1: Ball 2-1: Called Strike 2-2: Ball 3-2: Base on Balls
|
Batting: LHB Gilbert Davis
|
0-0: Called Strike 0-1: Ball 1-1: Foul Ball, location: 2F 1-2: Fly out, F8 (Flyball, 8RXD)
|
Batting: RHB Edmund Gallagher
|
0-0: Ball 1-0: Ball 2-0: Called Strike 2-1: Called Strike 2-2: Ball 3-2: Strikes out looking
|
Bottom of the 4th over - 0 run(s), 0 hit(s), 0 error(s), 1 left on base; Royse City 4 - Calgary 2 |
TOP OF THE 5TH |
Royse City Targaryens batting - Pitching for Calgary Lynx : RHP Jorge Rivas
|
Batting: RHB Johnny Foster
|
0-0: Ball 1-0: Ball 2-0: Ball 3-0: Called Strike 3-1: Called Strike 3-2: Strikes out looking
|
Batting: RHB Bob Sargent
|
0-0: Ball 1-0: Foul Ball, location: 2F 1-1: Ground out 4-3 (Groundball, 4M)
|
Batting: RHB Jorge Gómez
|
0-0: Foul Ball, location: 2F 0-1: Ball 1-1: Foul Ball, location: 2F 1-2: Ball 2-2: Ball 3-2: Ground out 6-3 (Groundball, 6)
|
Top of the 5th over - 0 run(s), 0 hit(s), 0 error(s), 0 left on base; Royse City 4 - Calgary 2 |
BOTTOM OF THE 5TH |
Calgary Lynx batting - Pitching for Royse City Targaryens : RHP Eduardo Díaz
|
Batting: SHB Tom Craft
|
0-0: Called Strike 0-1: Ball 1-1: Fly out, F6 (Popup, 56)
|
Batting: RHB Steve Brewer
|
0-0: Foul Ball, location: 2F 0-1: Ground out 1-3 (Groundball, 13S)
|
Batting: SHB Vasco Paradela
|
0-0: Called Strike 0-1: Ball 1-1: Called Strike 1-2: Foul Ball, location: 2F 1-2: Strikes out swinging
|
Bottom of the 5th over - 0 run(s), 0 hit(s), 0 error(s), 0 left on base; Royse City 4 - Calgary 2 |
TOP OF THE 6TH |
Royse City Targaryens batting - Pitching for Calgary Lynx : RHP Jorge Rivas
|
Batting: RHB Ron Ward
|
0-0: Ball 1-0: Swinging Strike 1-1: Foul Ball, location: 2F 1-2: Foul Ball, location: 2F 1-2: Strikes out swinging
|
Batting: RHB Spencer Curry
|
0-0: Called Strike 0-1: Foul Ball, location: 2F 0-2: Ball 1-2: SINGLE (Groundball, 6M)
|
Batting: RHB Bartolo Martínez
|
0-0: Called Strike 0-1: Ball 1-1: Ball 2-1: Ball 3-1: Foul Ball, location: 2F 3-2: Base on Balls Spencer Curry to second
|
Pitching: RHP Ánibal Sánchez
|
|
Batting: RHB Jorge Féliz
|
0-0: Grounds into double play, 6-4-3 (Groundball, 6)
|
Top of the 6th over - 0 run(s), 1 hit(s), 0 error(s), 1 left on base; Royse City 4 - Calgary 2 |
BOTTOM OF THE 6TH |
Calgary Lynx batting - Pitching for Royse City Targaryens : RHP Eduardo Díaz
|
Batting: RHB Pancho Salaedo
|
0-0: Ball 1-0: Ball 2-0: Foul Ball, location: 2F 2-1: Ground out 6-3 (Groundball, 6)
|
Batting: RHB Jim Browning
|
0-0: Called Strike 0-1: Bunt missed! 0-2: Ground out 6-3 (Groundball, 6)
|
Batting: LHB Herman Gilliland
|
0-0: Ground out 4-3 (Groundball, 34)
|
Bottom of the 6th over - 0 run(s), 0 hit(s), 0 error(s), 0 left on base; Royse City 4 - Calgary 2 |
TOP OF THE 7TH |
Royse City Targaryens batting - Pitching for Calgary Lynx : RHP Ánibal Sánchez
|
Batting: RHB Jim Unknown
|
0-0: Foul Ball, location: 2F 0-1: Foul Ball, location: 2F 0-2: Ball 1-2: Ball 2-2: Ball 3-2: Foul Ball, location: 2F 3-2: Foul Ball, location: 2F 3-2: Strikes out swinging
|
Batting: LHB Markus Richardson
|
0-0: Ball 1-0: Ball 2-0: Ball 3-0: Called Strike 3-1: Swinging Strike 3-2: Strikes out swinging
|
Batting: RHB Johnny Foster
|
0-0: Ball 1-0: Foul Ball, location: 2F 1-1: Ball 2-1: Fly out, F7 (Flyball, 7M)
|
Top of the 7th over - 0 run(s), 0 hit(s), 0 error(s), 0 left on base; Royse City 4 - Calgary 2 |
BOTTOM OF THE 7TH |
Calgary Lynx batting - Pitching for Royse City Targaryens : RHP Eduardo Díaz
|
Batting: RHB Wilbur James
|
0-0: Called Strike 0-1: Foul Ball, location: 2F 0-2: Ball 1-2: Strikes out swinging
|
Batting: LHB Gilbert Davis
|
0-0: Fly out, F4 (Popup, 6MD)
|
Batting: RHB Edmund Gallagher
|
0-0: Ball 1-0: Swinging Strike 1-1: Ball 2-1: Called Strike 2-2: Strikes out swinging
|
Bottom of the 7th over - 0 run(s), 0 hit(s), 0 error(s), 0 left on base; Royse City 4 - Calgary 2 |
TOP OF THE 8TH |
Royse City Targaryens batting - Pitching for Calgary Lynx : RHP Ánibal Sánchez
|
Batting: RHB Bob Sargent
|
0-0: Foul Ball, location: 2F 0-1: Foul Ball, location: 2F 0-2: Ball 1-2: Ball 2-2: Fly out, F9 (Flyball, 89M)
|
Batting: RHB Jorge Gómez
|
0-0: Called Strike 0-1: Ground out 6-3 (Groundball, 6)
|
Batting: RHB Ron Ward
|
0-0: Called Strike 0-1: SOLO HOME RUN (Flyball, 78XD), Distance : 434 ft
|
Batting: RHB Spencer Curry
|
0-0: Called Strike 0-1: Called Strike 0-2: Fly out, F6 (Popup, 6D)
|
Top of the 8th over - 1 run(s), 1 hit(s), 0 error(s), 0 left on base; Royse City 5 - Calgary 2 |
BOTTOM OF THE 8TH |
Calgary Lynx batting - Pitching for Royse City Targaryens : RHP Eduardo Díaz
|
Pitching: RHP Del Lamb
|
|
Batting: SHB Tom Craft
|
0-0: Called Strike 0-1: Foul Ball, location: 2F 0-2: Ball 1-2: Foul Ball, location: 2F 1-2: Ball 2-2: Foul Ball, location: 2F 2-2: Strikes out swinging
|
Batting: RHB Steve Brewer
|
0-0: Ball 1-0: Foul Ball, location: 2F 1-1: Foul Ball, location: 2F 1-2: Ball 2-2: Fly out, F3 (Popup, 3)
|
Batting: SHB Vasco Paradela
|
0-0: Called Strike 0-1: Ball 1-1: DOUBLE (Line Drive, 9LD)
|
Pitching: RHP Ed White
|
|
Batting: RHB Pancho Salaedo
|
0-0: Called Strike 0-1: Ball 1-1: Ball 2-1: SINGLE (Line Drive, 8RS) Vasco Paradela to third
|
Batting: RHB Jim Browning
|
0-0: Ball 1-0: Called Strike 1-1: Ball 2-1: Called Strike 2-2: Strikes out swinging
|
Bottom of the 8th over - 0 run(s), 2 hit(s), 0 error(s), 2 left on base; Royse City 5 - Calgary 2 |
TOP OF THE 9TH |
Royse City Targaryens batting - Pitching for Calgary Lynx : RHP Ánibal Sánchez
|
Batting: RHB Bartolo Martínez
|
0-0: Ball 1-0: Called Strike 1-1: Foul Ball, location: 2F 1-2: Ball 2-2: Strikes out swinging
|
Batting: RHB Jorge Féliz
|
0-0: Ball 1-0: Ball 2-0: Called Strike 2-1: Ball 3-1: Ground out 5-3 (Groundball, 5)
|
Batting: RHB Jim Unknown
|
0-0: Ground out 4-3 (Groundball, 4)
|
Top of the 9th over - 0 run(s), 0 hit(s), 0 error(s), 0 left on base; Royse City 5 - Calgary 2 |
BOTTOM OF THE 9TH |
Calgary Lynx batting - Pitching for Royse City Targaryens : RHP Ed White
|
Pitching: RHP Sean Evans
|
|
Batting: LHB Herman Gilliland
|
0-0: Called Strike 0-1: Swinging Strike 0-2: Ball 1-2: Strikes out swinging
|
Batting: RHB Wilbur James
|
0-0: Ball 1-0: Fly out, F8 (Flyball, 8LM)
|
Batting: LHB Gilbert Davis
|
0-0: Ball 1-0: Fly out, F7 (Flyball, 78M)
|
Bottom of the 9th over - 0 run(s), 0 hit(s), 0 error(s), 0 left on base; Royse City 5 - Calgary 2 |
|